Map: 2000 애트모스피어 - 래더

Players

Percival

  • Race: Terran Terran

Zoun - Winner!

  • Race: Protoss Protoss
  • League: Master

Event: DreamHack SC2 Masters Last Chance 2022

VOD

Have the link to the VOD?

Description

Time

  • Played on: Dec. 15, 2021, 6:41 a.m.
  • Length: 20:27

All games in this series

Show
View Real Time Build Order
Export as new Build Order

Percival Terran 

Build Orders: Reaper Expand 

Get SALT Encoding   

  12  0:00  SCV  
  13  0:12  SCV  
  14  0:17  Supply Depot  
  14  0:24  SCV  
  15  0:38  SCV  
  15  0:41  Barracks  
  16  0:44  Refinery  
  16  0:50  SCV  
  17  1:02  Engineering Bay  
  18  1:04  SCV  
  18  1:16  SCV  
  19  1:28  Reaper, Orbital Command  
  20  1:37  Refinery  
  20  1:54  SCV  
  20  2:00  Command Center  
  21  2:07  Barracks Reactor  
  21  2:13  Barracks  
  21  2:19  Supply Depot  
  21  2:20  SCV  
  22  2:33  SCV  
  22  2:34  Barracks  
  22  2:36  Refinery  
  22  2:43  Marine x2  
  24  2:45  SCV  
  25  2:54  Bunker  
  25  2:57  SCV  
  26  3:01  Barracks Tech Lab  
  26  3:03  Marine x2  
  28  3:09  SCV  
  29  3:19  Marine  
  30  3:20  Stimpack  
  30  3:21  SCV, Marine x2  
  30  3:23  Barracks Tech Lab  
  33  3:29  Orbital Command  
  33  3:33  SCV  
  34  3:37  Marine  
  34  3:38  Marine  
  34  3:39  Marine  
  34  3:41  Marine  
  37  3:43  Combat Shield  
  37  3:46  SCV  
  39  3:50  Supply Depot  
  39  3:55  SCV  
  40  3:56  Marine  
  40  3:58  SCV, Marine  
  40  3:59  Marine  
  40  4:02  Marine  
  45  4:07  SCV  
  46  4:12  SCV  
  46  4:14  Supply Depot  
  46  4:16  Marauder  
  49  4:18  Marine x2  
  49  4:21  Marauder  
  53  4:24  Supply Depot  
  53  4:26  SCV  
  53  4:30  Engineering Bay  
  54  4:36  SCV  
  54  4:38  SCV, Marine x3  
  58  4:41  Marine  
  60  4:48  Supply Depot, SCV  
  60  4:50  SCV  
  62  4:55  Marine  
  62  4:56  Marine x2  
  62  4:59  Marine  
  63  5:00  SCV  
  63  5:02  SCV  
  63  5:03  Factory  
  63  5:11  Command Center  
  63  5:13  SCV  
  64  5:14  Concussive Shells  
  64  5:15  SCV  
  64  5:17  Marine x2  
  64  5:19  Marine  
  64  5:20  Marine  
  69  5:25  SCV  
  69  5:28  SCV  
  69  5:37  Marauder, SCV, Marine x2  
  69  5:38  Marauder  
  69  5:40  SCV  
  77  5:48  Starport, Factory Reactor  
  77  5:49  SCV  
  69  5:52  SCV, Refinery  
  69  5:54  Supply Depot  
  69  5:55  Supply Depot  
  70  5:59  Marauder, Marine x2  
  70  6:00  Marauder  
  73  6:09  Refinery  
  73  6:11  Barracks x2  
  73  6:16  SCV x2  
  73  6:17  Marine  
  73  6:18  Marine  
  76  6:21  Marauder x2  
  80  6:26  Ghost Academy  
  80  6:29  SCV x2  
  82  6:34  Factory Reactor, Orbital Command  
  82  6:40  Medivac x2  
  82  6:41  Marine  
  82  6:42  Marine  
  82  6:45  Marauder  
  82  6:46  Marauder  
  92  6:48  SCV  
  92  6:49  SCV  
  94  6:55  Enhanced Shockwaves  
  94  6:57  Terran Infantry Weapons Level 1  
  94  6:59  Barracks Tech Lab, Barracks Reactor  
  94  7:00  SCV  
  94  7:01  SCV x2  
  96  7:03  Supply Depot  
  96  7:05  Supply Depot  
  96  7:09  Marine x2  
  96  7:12  Marine x2  
  96  7:15  Medivac x2  
  104  7:17  Widow Mine  
  104  7:18  Widow Mine, SCV  
  109  7:24  SCV, Refinery  
  109  7:25  SCV, Refinery  
  111  7:31  SCV  
  111  7:32  Supply Depot  
  111  7:33  Supply Depot  
  111  7:37  SCV x2  
  114  7:46  Marine x4  
  110  7:57  Widow Mine x2, Viking  
  110  7:58  Viking  
  116  8:00  SCV x3  
  116  8:02  Supply Depot  
  116  8:03  Supply Depot  
  119  8:08  Unknown  
  119  8:09  Unknown  
  119  8:12  SCV x2  
  122  8:13  SCV  
  126  8:24  SCV  
  126  8:25  SCV x2  
  131  8:27  Command Center  
  131  8:34  Supply Depot, Viking x2  
  131  8:36  Supply Depot  
  131  8:40  Unknown  
  135  8:43  Unknown, Marine  
  135  8:44  Marauder x2, Marine x3  
  139  8:51  Marauder, Unknown  
  135  9:00  Engineering Bay  
  135  9:01  Armory  
  135  9:02  Widow Mine x2  
  137  9:03  Marine x4  
  137  9:06  Medivac x2  
  137  9:09  Marauder  
  149  9:12  Marauder  
  149  9:15  Barracks  
  149  9:16  Barracks  
  149  9:17  Barracks  
  151  9:23  Marine x3  
  151  9:24  Marine  
  155  9:29  Missile Turret  
  155  9:32  Missile Turret  
  155  9:34  SCV x3  
  155  9:36  Marauder x2, Unknown  
  155  9:37  Marauder  
  164  9:40  Planetary Fortress  
  164  9:46  SCV x3  
  164  9:47  Supply Depot, Refinery  
  164  9:51  Refinery  
  166  9:59  Marauder x2, Marine x2  
  164  10:06  Barracks Tech Lab  
  164  10:07  Barracks Tech Lab, Barracks Reactor  
  155  10:12  Marine x2  
  155  10:13  Marauder  
  151  10:16  Marine  
  151  10:18  Marine  
  151  10:21  Marauder x2  
  156  10:22  Viking x2  
  156  10:27  Marauder  
  160  10:29  Starport  
  160  10:32  Factory Reactor  
  160  10:37  Marine x2  
  160  10:38  Marauder  
  160  10:42  Marauder, SCV x3  
  169  10:43  SCV  
  169  10:45  Marauder  
  169  10:49  Terran Infantry Weapons Level 2  
  170  10:50  Terran Ship Weapons Level 1  
  170  10:51  Terran Infantry Armor Level 1  
  170  10:52  Medivac x2  
  170  10:55  Unknown  
  174  10:57  Marauder x2  
  178  11:06  Command Center  
  177  11:13  Marine x2  
  185  11:23  Viking  
  187  11:34  Missile Turret  
  187  11:35  Command Center  
  187  11:37  Missile Turret  
  187  11:40  Unknown x3  
  187  11:42  Missile Turret  
  187  11:50  Viking  
  188  11:56  Fusion Core  
  188  11:57  Command Center  
  188  12:11  Viking x2  
  188  12:12  Viking  
  186  12:19  Marauder, Viking, Marine x5  
  186  12:20  Marauder x2, Marine  
  154  12:34  SCV x4  
  154  12:40  Marine x2  
  154  12:41  Viking, Marine x4  
  165  12:45  Marauder  
  165  12:48  Marauder, Unknown  
  161  12:55  Viking x3  
  158  13:01  Marine x6  
  162  13:07  Orbital Command  
  162  13:09  Unknown  
  162  13:10  Unknown x2  
  162  13:11  Viking  
  162  13:14  Sensor Tower  
  162  13:15  Sensor Tower  
  162  13:19  Orbital Command  
  162  13:28  Missile Turret  
  162  13:30  Marauder  
  162  13:31  Marauder x3  
  172  13:35  Medivac  
  172  13:36  Medivac  
  172  13:40  Advanced Ballistics  
  176  13:43  Planetary Fortress  
  176  13:44  Missile Turret  
  176  13:47  Liberator  
  179  13:50  Liberator  
  182  13:58  Unknown  
  182  13:59  Refinery  
  182  14:00  Missile Turret, Refinery  
  182  14:10  Command Center  
  182  14:15  Liberator x2  
  188  14:21  Terran Infantry Armor Level 2, Terran Infantry Weapons Level 3  
  188  14:23  Missile Turret  
  188  14:25  Terran Ship Weapons Level 2  
  178  14:41  Marine x2  
  178  14:42  Marauder x3, Marine  
  178  14:43  Marine x2  
  178  14:44  Marine  
  188  14:52  Liberator x2  
  193  15:05  Sensor Tower  
  193  15:10  Unknown x2  
  193  15:12  Marauder x2, Marine x2  
  197  15:19  Liberator x2  
  178  15:40  Unknown x3  
  178  15:41  Marauder x2, Sensor Tower, Marine x4  
  178  15:42  Marauder x2, Marine x2  
  191  15:43  Marauder  
  179  15:56  SCV x6  
  176  15:58  Planetary Fortress, Marine  
  176  16:03  Marauder  
  179  16:08  Rapid Reignition System  
  177  16:14  Missile Turret  
  163  16:30  Marauder x2, Marine x5  
  163  16:31  Marine  
  163  16:32  Medivac  
  173  16:34  Medivac  
  175  16:51  Marine  
  175  16:52  Marauder x2, Marine  
  175  16:58  Unknown x3  
  175  17:01  Marauder, Marine x3  
  171  17:02  Marauder x2, Marine  
  171  17:03  Liberator, Medivac x2  
  184  17:16  Liberator  
  184  17:17  Missile Turret  
  187  17:24  Marauder x3  
  197  17:34  Sensor Tower  
  197  17:43  Command Center  
  197  17:52  Unknown x2  
  157  18:21  Marine x3  
  157  18:22  Marauder x3, Marine x3  
  157  18:23  Sensor Tower  
  157  18:24  Liberator x3  
  157  18:26  Command Center  
  182  18:27  Command Center  
  182  18:34  Missile Turret  
  182  18:35  Missile Turret  
  182  18:39  Marine  
  164  18:50  Liberator, Unknown x2  
  164  18:52  Marauder x2, Marine x4  
  164  18:54  Marine  
  157  19:07  Liberator x3  
  166  19:13  Command Center  
  166  19:15  Orbital Command  
  165  19:18  Missile Turret  
  165  19:29  Marauder x2  
  165  19:50  Orbital Command x2  
  165  19:56  Command Center  
  165  19:57  Unknown  
  165  19:58  Unknown  
Show
View Real Time Build Order
Export as new Build Order

Zoun Protoss - Winner!

Build Orders: 1 Gate Expand, Phoenix Opening 

Get SALT Encoding   

  12  0:00  Probe  
  13  0:12  Probe  
  14  0:18  Pylon  
  14  0:24  Probe (Chrono Boost)  
  15  0:36  Probe (Chrono Boost)  
  15  0:40  Gateway  
  16  0:45  Probe (Chrono Boost)  
  16  0:49  Assimilator  
  17  0:51  Probe  
  18  1:03  Probe  
  19  1:15  Probe  
  20  1:28  Cybernetics Core  
  20  1:38  Nexus  
  20  1:39  Probe  
  21  1:46  Pylon  
  21  1:55  Probe  
  22  2:02  Stalker (Chrono Boost)  
  22  2:07  Probe  
  25  2:10  Assimilator  
  25  2:13  Warp Gate  
  25  2:19  Probe  
  26  2:24  Adept  
  28  2:31  Probe  
  30  2:44  Probe (Chrono Boost)  
  30  2:45  Stargate  
  30  2:54  Adept, Probe (Chrono Boost)  
  30  2:57  Probe (Chrono Boost)  
  34  2:58  Shield Battery  
  34  3:04  Probe (Chrono Boost)  
  35  3:07  Probe (Chrono Boost)  
  35  3:09  Probe (Chrono Boost)  
  37  3:17  Gateway, Probe  
  38  3:22  Probe  
  38  3:24  Pylon  
  39  3:29  Phoenix (Chrono Boost)  
  39  3:32  Probe  
  42  3:35  Probe  
  42  3:39  Pylon  
  43  3:44  Probe  
  43  3:45  Phoenix (Chrono Boost)  
  46  3:49  Probe  
  47  3:57  Pylon  
  47  3:59  Probe  
  47  4:01  Adept  
  47  4:02  Probe  
  51  4:10  Phoenix (Chrono Boost)  
  53  4:21  Nexus  
  53  4:24  Probe  
  53  4:25  Probe  
  53  4:27  Phoenix (Chrono Boost)  
  57  4:36  Probe  
  57  4:37  Robotics Facility, Probe  
  59  4:42  Assimilator  
  59  4:43  Assimilator  
  59  4:49  Probe  
  59  4:50  Stalker  
  62  4:52  Stalker  
  62  4:56  Shield Battery  
  64  5:09  Probe x2  
  64  5:10  Pylon  
  64  5:13  Shield Battery  
  66  5:16  Stalker  
  66  5:18  Stalker  
  66  5:28  Probe  
  67  5:46  Robotics Facility  
  67  5:47  Probe  
  67  5:49  Probe  
  61  5:56  Pylon  
  59  5:58  Probe  
  59  6:03  Probe x2  
  61  6:07  Gateway  
  61  6:08  Gateway  
  60  6:12  Probe  
  60  6:15  Stalker  
  60  6:16  Probe  
  60  6:17  Pylon  
  64  6:21  Stalker  
  64  6:22  Probe  
  64  6:25  Probe, Pylon  
  68  6:30  Immortal (Chrono Boost), Twilight Council  
  68  6:35  Probe x2  
  68  6:37  Probe (Chrono Boost)  
  68  6:38  Sentry  
  77  6:44  Sentry  
  79  6:47  Probe (Chrono Boost)  
  79  6:48  Probe (Chrono Boost)  
  79  6:49  Probe (Chrono Boost), Shield Battery  
  82  6:55  Phoenix  
  82  6:57  Probe x3 (Chrono Boost)  
  88  7:01  Observer (Chrono Boost), Probe (Chrono Boost)  
  88  7:02  Robotics Bay, Zealot  
  88  7:03  Sentry  
  88  7:05  Zealot, Probe  
  96  7:11  Probe, Charge (Chrono Boost)  
  96  7:13  Probe  
  96  7:16  Stalker  
  96  7:22  Phoenix  
  100  7:25  Stalker  
  100  7:26  Zealot  
  100  7:29  Pylon  
  104  7:32  Forge  
  104  7:33  Zealot  
  100  7:47  Pylon x2  
  100  7:49  Zealot x3  
  100  7:53  Colossus (Chrono Boost), Observer  
  100  7:58  Extended Thermal Lance, Probe  
  106  7:59  Probe x2  
  106  8:01  Assimilator x2  
  106  8:04  Pylon  
  109  8:07  Phoenix  
  109  8:10  Gateway  
  111  8:13  Gateway, Protoss Ground Weapons Level 1 (Chrono Boost)  
  111  8:20  Probe x2  
  113  8:28  Gateway  
  113  8:29  Colossus (Chrono Boost)  
  113  8:31  Gateway  
  119  8:37  Zealot x4  
  119  8:39  Phoenix  
  129  8:47  Pylon  
  127  8:54  Observer  
  117  9:02  Dark Shrine  
  117  9:03  Observer  
  117  9:04  Phoenix  
  117  9:05  Zealot x4  
  117  9:06  Zealot  
  117  9:09  Pylon  
  129  9:11  Photon Cannon  
  129  9:13  Colossus (Chrono Boost)  
  129  9:14  Photon Cannon  
  135  9:22  Zealot x2  
  139  9:28  Pylon, Forge  
  139  9:35  Robotics Facility  
  139  9:42  Probe  
  140  9:50  Zealot x3  
  139  10:00  Zealot x5  
  139  10:01  Zealot x2  
  139  10:04  Assimilator, Pylon  
  137  10:08  Disruptor  
  137  10:13  Zealot x4  
  144  10:19  Blink  
  134  10:23  Protoss Ground Weapons Level 2 (Chrono Boost)  
  134  10:26  Protoss Ground Armor Level 1 (Chrono Boost), Shadow Stride  
  134  10:30  Zealot x3  
  134  10:31  Zealot  
  134  10:32  Disruptor (Chrono Boost)  
  145  10:37  Probe x2  
  147  10:48  Probe  
  147  10:49  Probe  
  145  10:50  Disruptor (Chrono Boost)  
  148  10:58  Zealot  
  148  10:59  Zealot x3  
  148  11:01  Pylon x2  
  148  11:03  Disruptor (Chrono Boost)  
  157  11:10  Nexus  
  157  11:13  Pylon  
  149  11:20  Stalker x3  
  149  11:24  Disruptor (Chrono Boost)  
  158  11:27  Probe  
  158  11:28  Probe  
  158  11:37  Shield Battery  
  158  11:39  Photon Cannon  
  156  11:41  Dark Templar x3  
  162  11:50  Disruptor  
  163  12:05  Stalker x4  
  169  12:15  Observer  
  157  12:18  Zealot x4  
  130  12:30  Zealot x4  
  130  12:36  Disruptor  
  137  12:37  Observer  
  137  12:39  Assimilator  
  137  12:41  Assimilator  
  137  12:43  Stalker x4  
  143  13:02  Dark Templar x4  
  151  13:12  Dark Templar  
  149  13:13  Dark Templar x3  
  149  13:18  Disruptor x2  
  159  13:31  Probe  
  160  13:34  Protoss Ground Weapons Level 3 (Chrono Boost)  
  160  13:35  Dark Templar x2  
  160  13:40  Gateway  
  164  13:42  Zealot x2, Gateway  
  164  13:45  Nexus  
  164  13:48  Pylon  
  168  13:49  Protoss Ground Armor Level 2 (Chrono Boost)  
  168  13:52  Sentry  
  168  13:53  Zealot  
  168  13:54  Zealot x2  
  174  14:06  Stalker x2  
  174  14:07  Stalker x2  
  180  14:15  Zealot x2  
  180  14:16  Zealot x2  
  184  14:19  Disruptor  
  186  14:25  Pylon  
  186  14:30  Zealot x2  
  186  14:31  Zealot  
  188  14:50  Warp Prism  
  190  14:52  Nexus  
  190  14:54  Templar Archives  
  190  15:03  Stalker x5  
  184  15:21  Stargate, Pylon  
  184  15:22  Fleet Beacon  
  165  15:37  Immortal x2  
  160  16:05  Protoss Air Weapons Level 1, Assimilator  
  160  16:08  Assimilator  
  157  16:12  Zealot  
  157  16:16  Photon Cannon, Disruptor x2, Shield Battery  
  154  16:31  Dark Templar x4  
  155  16:34  Observer  
  155  16:43  Zealot x6  
  165  16:50  Carrier x2 (Chrono Boost)  
  165  16:51  Disruptor (Chrono Boost)  
  173  16:56  Disruptor (Chrono Boost)  
  173  17:06  Protoss Ground Armor Level 3  
  173  17:08  Dark Templar x4  
  173  17:09  Dark Templar  
  183  17:16  Protoss Shields Level 1  
  183  17:24  Disruptor (Chrono Boost)  
  186  17:36  Nexus  
  186  17:41  Pylon  
  186  17:45  Carrier x2 (Chrono Boost)  
  190  18:04  Stalker x5  
  186  18:14  Archon x4  
  180  18:25  Stalker x5  
  176  18:49  Disruptor  
  176  18:54  Dark Templar x2  
  176  18:55  Dark Templar x4  
  184  19:00  Shield Battery  
  184  19:02  Photon Cannon, Dark Templar  
  186  19:04  Photon Cannon  
  186  19:07  Stalker  
  186  19:08  Stalker  
  188  19:15  Stalker  
  186  19:31  Observer x2  
  187  19:35  Zealot x2, Dark Templar  
  191  19:54  Observer  

Tags
 
Add a new tag
Caveats
  • Supply blocks, unpowered buildings, or Contaminate may cause inaccurate times.
  • Supply counts are checked every 10 seconds.